 Dungeon Crawl Stone Soup version 0.18.1-50-g88ac8fd (webtiles) character file.

151 epen the Insei (level 5, -1/43 HPs)
             Began as a Merfolk Monk on Sept 15, 2016.
             Killed by divine providence
             ... invoked by an orc priest
              (10 damage)
             ... on level 3 of the Dungeon.
             The game lasted 00:04:55 (2458 turns).

epen the Insei (Merfolk Monk)                       Turns: 2458, Time: 00:04:56

Health: -1/43      AC: 10    Str: 11    XL:     5   Next: 33%
Magic:  5/5        EV: 14    Int: 10    God:
Gold:   172        SH:  0    Dex: 17    Spells: 0 memorised, 4 levels left

rFire  + . .     SeeInvis .       - Unarmed
rCold  . . .     Gourm    .     q - +3 leather armour
rNeg   . . .     Faith    .     (no shield)
rPois  .         Spirit   .     (no helmet)
rElec  .         Dismiss  .     o - +1 cloak
rCorr  .         Reflect  .     d - +1 pair of gloves
SustAt .         Harm     .     (no boots)
MR     .....                    (no amulet)
Stlth  +.........               (no ring)
                                k - ring of protection from fire

@: confused, very slightly contaminated, hasted, very quick, not resistant to
hostile enchantments, very unstealthy
A: change form in water, swift swim
a: no special abilities


You were on level 3 of the Dungeon.
You were not hungry.

You visited 1 branch of the dungeon, and saw 3 of its levels.

You collected 172 gold pieces.

Inventory:

Armour
 a - a +0 robe
 d - a +1 pair of gloves (worn)
 o - a +1 cloak (worn)
 q - a +3 leather armour (worn)
 t - a +0 pair of gloves
Jewellery
 k - a ring of protection from fire (left hand)
Scrolls
 g - 2 scrolls of identify
Potions
 e - a potion of magic
 p - 2 potions of flight
Comestibles
 b - 5 bread rations
 f - 2 chunks of flesh
 j - 2 meat rations
 l - 3 fruits


   Skills:
 + Level 4.4 Fighting
 + Level 4.8 Dodging
 - Level 2.1 Stealth
 * Level 5.9 Unarmed Combat


You had 4 spell levels left.
You didn't know any spells.

Dungeon Overview and Level Annotations

Branches:
Dungeon (3/15)

Altars:
Sif Muna
Trog


Message History

You closely miss something. Your punch misses something.
You bump into the rock wall.
Something hits you.
You punch something! You closely miss something. Something hits you.
The orc priest mumbles some strange prayers to Beogh against you.
Beogh smites you!
* * * LOW HITPOINT WARNING * * *
You bump into the rock wall.
You hear some strange, mumbled words.
You are more confused.
You hit something.
Reactivating autopickup.
You feel a bit more experienced.
You bump into the rock wall.
The orc priest looks braver for a moment.
Drink which item? (? for menu, Esc to quit)
Okay, then.
The orc priest invokes the aid of Beogh against you.
Beogh smites you!
You die...

####..# ..(..#####
#.....# ......#
###..#### ......#
#..).# ?.....# #.#..#
##o...... #....#
#.......# ##..#.#####
#.......#
#.........#####.......#
#........@.oo.o........
#.........#######...###
#.........# ####
###########


You could see an orc priest and 2 orcs.

Vanquished Creatures
  An orc priest (D:3)
  An orc wizard (D:3)
  2 adders
  2 worms (D:2)
  3 dart slugs
  3 giant geckos
  6 orcs
  6 bats
  7 giant cockroaches
  7 goblins
  3 hobgoblins
  2 jackals (D:1)
  5 kobolds
  A quokka (D:3)
  2 ball pythons (D:2)
  A giant newt (D:2)
  7 rats
59 creatures vanquished.

Notes
Turn   | Place    | Note
--------------------------------------------------------------
     0 | D:1      | epen the Merfolk Monk began the quest for the Orb.
     0 | D:1      | Reached XP level 1. HP: 18/18 MP: 1/1
     2 | D:1      | Noticed a ghoul
     2 | D:1      | Noticed a vine stalker
     4 | D:1      | Noticed an octopode
     4 | D:1      | Noticed a draconian
     6 | D:1      | Noticed a centaur
     8 | D:1      | Noticed a human
     8 | D:1      | Noticed a troll
    10 | D:1      | Noticed a minotaur
    10 | D:1      | Noticed a vampire
    12 | D:1      | Noticed a felid
    12 | D:1      | Noticed a dwarf
    14 | D:1      | Noticed an ogre
    14 | D:1      | Noticed a spriggan
    16 | D:1      | Noticed a naga
    16 | D:1      | Noticed a gargoyle
    18 | D:1      | Noticed a merfolk
    20 | D:1      | Noticed a tengu
    20 | D:1      | Noticed a demonspawn
    24 | D:1      | Noticed a formicid
    24 | D:1      | Noticed a demigod
    26 | D:1      | Noticed an elf
    26 | D:1      | Noticed a halfling
   265 | D:1      | Reached XP level 2. HP: 24/24 MP: 2/2
   749 | D:2      | Reached XP level 3. HP: 15/30 MP: 3/3
  1052 | D:2      | Reached skill level 5 in Unarmed Combat
  1561 | D:2      | Reached XP level 4. HP: 36/37 MP: 4/4
  2049 | D:3      | Found a deep blue altar of Sif Muna.
  2090 | D:3      | Found a bloodstained altar of Trog.
  2105 | D:3      | Reached XP level 5. HP: 23/42 MP: 5/5
  2458 | D:3      | Killed from afar by an orc priest

Skill      XL: |  1  2  3 |
---------------+----------+-----
Unarmed Combat | 5 |  5.9
Fighting       | 4 |  4.4
Dodging        | |  4.8
Stealth        | |  2.1

Action                   |  1- 3 |  4- 6 || total
-------------------------+-------+-------++-------
Melee: Unarmed           |   105 |   111 ||   216
  Use: Scroll            |       |    10 ||    10
       Potion            |       |     4 ||     4
 Stab: Sleeping          |     6 |     1 ||     7
       Distracted        |       |     1 ||     1
  Eat: Chunk             |     2 |     3 ||     5
Armor: Robe              |    10 |       ||    10
       Leather armour    |     5 |    30 ||    35
Dodge: Dodged            |    65 |    57 ||   122
